 Dungeon Crawl Stone Soup version 0.29.1-2-gbd0b4ee654 (webtiles) character file.

Game seed: 11241785687955347371

697 xian the Skirmisher (level 7, -2/42 HPs)
             Began as a Tengu Hunter on Nov 2, 2022.
             Slain by a black bear (3 damage)
             ... on level 5 of the Dungeon.
             The game lasted 00:07:12 (3701 turns).

xian the Skirmisher (Tengu Hunter)                  Turns: 3701, Time: 00:07:13

Health: -2/42      AC:  6    Str: 13    XL:     7   Next: 65%
Magic:  8/8        EV: 15    Int: 10    God:
Gold:   155        SH:  0    Dex: 19    Spells: 6/6 levels left

rFire   + . .      SeeInvis .   a - +0 shortbow (flame)
rCold   . . .      Faith    .   (shield currently unavailable)
rNeg    . . .      Spirit   .   c - +0 leather armour
rPois   .          Reflect  .   (helmet restricted)
rElec   .          Harm     .   q - +0 cloak
rCorr   .          Rampage  .   f - +1 pair of gloves
Will    .....                   (boots unavailable)
Stlth   +++.......              (no amulet)
HPRegen 0.14/turn               n - ring of Perfectionism {+Blink rF+ Dex+2 Stlth+}
MPRegen 0.11/turn               (no ring)

@: about to teleport, flying quickly and evasively, quick
A: beak, talons 3, nimble flight
a: Evoke Blink


You were on level 5 of the Dungeon.
You visited 1 branch of the dungeon, and saw 5 of its levels.

You collected 155 gold pieces.

Inventory:

Hand Weapons
 a - a +0 shortbow of flaming (weapon)
 j - a +0 whip of electrocution
Missiles
 u - a throwing net
Armour
 c - a +0 leather armour (worn)
 f - a +1 pair of gloves (worn)
 q - a +0 cloak (worn)
Jewellery
 n - the ring of Perfectionism (left hand) {+Blink rF+ Dex+2 Stlth+}
   (You found it on level 3 of the Dungeon)

   [ring of protection from fire]

   Dex:       It affects your dexterity (+2).
   rF:        It protects you from fire.
   +Blink:    It lets you blink.
   Stlth:     It makes you more stealthy.
Wands
 d - a wand of polymorph (7)
Scrolls
 b - 2 scrolls of immolation
 l - a scroll of butterflies
 r - a scroll of teleportation
 s - a scroll of identify {unknown}
 t - a scroll of fear
 v - a scroll of amnesia {unknown}
Potions
 e - a potion of resistance {unknown}
 g - a potion of heal wounds {unknown}
 h - 2 potions of attraction {unknown}
 k - 2 potions of degeneration {unknown}
 m - a potion of magic {unknown}
 o - a potion of flight
 p - a potion of lignification {unknown}


   Skills:
 + Level 3.8 Fighting
 + Level 8.2 Ranged Weapons
 + Level 2.9 Armour
 + Level 2.9 Dodging
 + Level 1.4 Stealth
 + Level 1.0 Evocations


You had 6 spell levels left.
You didn't know any spells.
Your spell library contained the following spells:

 Spells                   Type           Power      Damage    Failure   Level
 Apportation              Tloc           0%         N/A       43%         1
 Necrotise                Necr           0%         1d4       43%         1
 Summon Small Mammal      Summ           0%         N/A       43%         1
 Gell's Gravitas          Tloc           0%         N/A       82%         3
 Lesser Beckoning         Tloc           0%         N/A       82%         3
 Teleport Other           Tloc           0%         N/A       82%         3
 Airstrike                Air            0%         2d(0-16)  99%         4
 Summon Lightning Spire   Summ/Air       0%         N/A       99%         4
 Blade Hands              Tmut           0%         N/A       100%        5
 Irradiate                Conj/Tmut      0%         3d11      100%        5
 Lightning Bolt           Conj/Air       0%         1d11      100%        5
 Dragon Form              Tmut           0%         N/A       100%        7


Dungeon Overview and Level Annotations

Branches:
Dungeon (5/15)
 Temple: D:4-7

Altars:
Nemelex Xobeh

Annotations:
D:4 turdburglar's ghost, novice GnHu
D:5 Menkaure


Innate Abilities, Weirdness & Mutations

You have a beak for a mouth.
You have claws for feet.
Your magical nature lets you fly swiftly and evasively.


Message History

Menkaure attacks as you move away! Menkaure hits you.
Menkaure calls on the powers of darkness!
The black bear convulses!
Your body is wracked with pain!
* * * LOW HITPOINT WARNING * * *
Found a leather armour.
The black bear goes berserk!
Fire: a) +0 shortbow (flame)
Press: ? - help, Q - select action, (/) - cycle Shift-Dir - straight line, f/p - black bear
Aim: a black bear (severely wounded, berserk, 72% to hit)
You shoot an arrow.
The arrow hits the black bear but does no damage.
The black bear is severely wounded.
Fire: a) +0 shortbow (flame)
Press: ? - help, Q - select action, (/) - cycle Shift-Dir - straight line, f/p - black bear
Aim: a black bear (severely wounded, berserk, 72% to hit)
You shoot an arrow.
The arrow closely misses the black bear.
The arrow hits Menkaure.
The arrow burns Menkaure.
Menkaure is moderately damaged.
The black bear bites you.
* * * LOW HITPOINT WARNING * * *
The black bear barely misses you. x2; The black bear completely misses you.
The black bear claws you.
* * * LOW HITPOINT WARNING * * *
The black bear claws you but does no damage.
The shadow imp puffs mist at you.
As you read the scroll of teleportation, it crumbles to dust.
You feel strangely unstable. Menkaure closely misses you.
The black bear misses you. The black bear closely misses you. x2
Menkaure hits you.
* * * LOW HITPOINT WARNING * * *
Unknown command.
It was a potion of flight.
You feel more buoyant.
The black bear bites you but does no damage.
The black bear claws you.
* * * LOW HITPOINT WARNING * * *
The black bear claws you.
* * * LOW HITPOINT WARNING * * *
The black bear bites you.
You die...

###### .
##..@.#.#...>........ ..
#..5hM#.#............
...#.##.##..............
.........###.#..!.....(.
...#....................
.[ #.........#..........
. .#........##..........
............###.<.......
.......?................


You could see a black bear (berserk), Menkaure (fast) and a shadow imp.

Vanquished Creatures
  Sigmund (D:2)
  An ogre (D:4)
  A scorpion (D:4)
  A hound (D:3)
  An orc priest (D:4)
  Jessica (D:2)
  5 orc wizards (D:4)
  4 gnolls (D:3)
  4 adders
  2 worms
  3 dart slugs
  12 orcs
  3 endoplasms
  4 giant cockroaches
  6 hobgoblins
  10 jackals
  3 quokkas
  3 ball pythons
  8 bats
  3 frilled lizards (D:1)
  8 goblins
  7 kobolds
  8 rats
99 creatures vanquished.

Notes
Turn   | Place    | Note
-------+----------+-------------------------------------------
     0 | D:1      | xian the Tengu Hunter began the quest for the Orb.
     0 | D:1      | Reached XP level 1. HP: 12/12 MP: 2/2
   103 | D:1      | Reached XP level 2. HP: 17/17 MP: 3/3
   295 | D:1      | Reached skill level 5 in Ranged Weapons
   490 | D:1      | Reached XP level 3. HP: 22/22 MP: 4/4
  1252 | D:2      | Noticed Sigmund
  1268 | D:2      | Killed Sigmund
  1269 | D:2      | Reached skill level 6 in Ranged Weapons
  1269 | D:2      | Reached skill level 1 in Armour
  1269 | D:2      | Reached XP level 4. HP: 14/28 MP: 5/5
  1269 | D:2      | Gained mutation: Your magical nature lets you fly swiftly
                  | and evasively. [Tengu growth]
  1269 | D:2      | Reached XP level 5. HP: 16/32 MP: 6/6
  1455 | D:2      | Noticed Jessica
  1461 | D:2      | Killed Jessica
  1546 | D:2      | Reached XP level 6. HP: 37/37 MP: 7/7
  1627 | D:2      | Found a faded altar of an unknown god.
  2195 | D:3      | Identified the ring of Perfectionism {+Blink rF+ Dex+2
                  | Stlth+}
  2419 | D:3      | Found a sparkling altar of Nemelex Xobeh.
  2461 | D:3      | Reached skill level 7 in Ranged Weapons
  3041 | D:4      | Reached skill level 1 in Evocations
  3181 | D:4      | Reached XP level 7. HP: 38/41 MP: 8/8
  3463 | D:4      | Reached skill level 8 in Ranged Weapons
  3633 | D:4      | Found a runed translucent door.
  3642 | D:4      | Noticed turdburglar's ghost (novice GnHu)
  3666 | D:5      | Entered Level 5 of the Dungeon
  3674 | D:5      | Noticed Menkaure
  3701 | D:5      | HP: 1/42 [black bear (2)]
  3701 | D:5      | Slain by a black bear

Illustrated notes

Levels and vault maps discovered:
D:1:      lightli_iron_boxes, layout_basic
D:2:      layout_loops_cross, dilly_ecumenical_altar_fadedgnrine,
          dk_noncrumbling_4, uniq_jessica, uniq_sigmund
D:3:      layout_loops_cross, nemelex_diamond_rough_becter, serial_bayou_pond_d
D:4:      layout_loops_ring, ebering_ghost_sewer_d
D:5:      layout_rooms, gammafunk_ghost_smash, kennysheep_generic_room_8,
          uniq_menkaure

Skill      XL: |  1  2  3  4  5  6  7 |
---------------+----------------------+-----
Ranged Weapons | 5 6 7 8 |  8.2
Fighting       | 3 |  3.8
Armour         | 1 2 |  2.9
Evocations     | 1 |  1.0
Dodging        | |  2.9
Stealth        | |  1.4

Action                   |  1- 3 |  4- 6 |  7- 9 || total
-------------------------+-------+-------+-------++-------
Melee: Whip              |     4 |       |       ||     4
       Kick              |     1 |       |       ||     1
       Peck              |     1 |       |       ||     1
 Fire: Shortbow          |    62 |   125 |    82 ||   269
 Abil: Evoke Blink       |       |     1 |     2 ||     3
  Use: Scroll            |     5 |     3 |     2 ||    10
       Potion            |       |       |     2 ||     2
Armor: Leather armour    |    12 |     5 |    20 ||    37
Dodge: Dodged            |    20 |    38 |    62 ||   120
